 Dungeon Sprint DCSS version 0.30-a0-279-g4b46babb21 (webtiles) character file.

Game seed: 13389265168418093625

200 rocky1 the Covert (level 5, -12/42 HPs)
             Began as a Spriggan Brigand on Oct 17, 2022.
             Was an Initiate of Cheibriados.
             Mangled by a spriggan
             ... wielding a +0 rapier
              (14 damage)
             ... in the Dungeon (Sprint IV: "Fedhas' Mad Dash").
             The game lasted 00:01:52 (215 turns).

rocky1 the Covert (Spriggan Brigand)                 Turns: 215, Time: 00:01:53

Health: -12/42     AC:  3    Str:  8    XL:     5   Next: 49%
Magic:  6/6        EV: 18    Int: 19    God:    Cheibriados [......]
Gold:   78         SH:  0    Dex: 20    Spells: 4/4 levels left

rFire   . . .      SeeInvis +    a - +2 dagger
rCold   . . .      Faith    .    (no shield)
rNeg    . . .      Spirit   .    b - +0 robe
rPois   .          Reflect  .    (helmet restricted)
rElec   .          Harm     .    c - +0 cloak
rCorr   .          Rampage  .    (gloves unavailable)
Will    .....      NoTele   +    (boots unavailable)
Stlth   ..........               l - amulet of invisibility {+Inv}
HPRegen 0.27/turn                m - +6 ring of intelligence
MPRegen 0.10/turn                (no ring)

@: berserking, quick
A: very small, no large weapons, unfitting armour, see invisible, speed 3
a: Renounce Religion, Evoke Invisibility


You were in the Dungeon.
You worshipped Cheibriados.
Cheibriados was noncommittal.
You visited 1 branch You collected 78 gold pieces.

Inventory:

Hand Weapons
 a - a +2 dagger (weapon)
Missiles
 d - 9 poisoned darts (quivered)
 e - 3 curare-tipped darts
Armour
 b - a +0 robe (worn)
 c - a +0 cloak (worn)
Jewellery
 l - the amulet of invisibility (around neck) {+Inv}
   (You found it in the Dungeon)

   [amulet of nothing]

   +Inv:      It lets you turn invisible.
 m - a +6 ring of intelligence (left hand)
Wands
 n - a wand of flame (15)
Scrolls
 k - a scroll of blinking
Potions
 f - a potion of curing
 h - a potion of haste
 i - 2 potions of magic


   Skills:
 + Level 3.3 Fighting
 + Level 5.2 Short Blades
 + Level 3.6 Throwing
 + Level 2.8 Dodging
 + Level 14.9 Stealth
 + Level 1.6 Evocations


You had 4 spell levels left.
You didn't know any spells.
Your spell library was empty.

Dungeon Overview and Level Annotations

Branches:
Dungeon (1/1)

Altars:
Cheibriados
Dithmenos
Elyvilon
Gozag
Hepliaklqana
Kikubaaqudgha
Makhleb
Nemelex Xobeh
Okawaru
Qazlal
Ru
Sif Muna
Trog
Uskayaw
Vehumet
Wu Jian
Xom
Yredelemnul
Zin
The Shining One
Jiyva
Lugonu


Innate Abilities, Weirdness & Mutations

You are very small and have problems with some larger weapons.
You are too small for most types of armour.
You have supernaturally acute eyesight. (SInv)
You cover ground extremely quickly. (Speed+++)


Message History

You destroy the oklob sapling wizard!
Your Short Blades skill increases to level 5!
Your Stealth skill increases to level 14!
Unknown command.
n - a wand of flame (15)
You now have 78 gold pieces (gained 7).
You open the door. 2 spriggans and a scorpion come into view.
Found 49 gold pieces.
Unknown command.
There is an open door here.
You see here 15 gold pieces.
The helpless spriggan fails to defend itself.
You spit the spriggan like a pig!!!!
You kill the spriggan!
The spriggan shouts!
The scorpion completely misses you.
You barely miss the spriggan. The scorpion closely misses you.
The spriggan hits you with a +0 rapier! The scorpion attacks as you move away!
The scorpion barely misses you. The spriggan attacks as you move away!
The spriggan hits you with a +0 rapier!!
Ouch! That really hurt!
* * * LOW HITPOINT WARNING * * *
There is an open door here.
You feel much better. The scorpion closely misses you.
The spriggan hits you with a +0 rapier!
Ouch! That really hurt!
A red film seems to cover your vision as you go berserk!
Cheibriados forces you to slow down.
You feel mighty!
The scorpion stings you but does no damage.
The spriggan hits you with a +0 rapier!
* * * LOW HITPOINT WARNING * * *
The scorpion stings you.
* * * LOW HITPOINT WARNING * * *
You hit the scorpion.
The scorpion is moderately wounded.
The spriggan hits you with a +0 rapier!
You die...

#####################
.⌠._._._._.⌠.#..@s).#
.._._._._._..'..#i.$#
..._._._._...#..###+#
.._._._._._..#..#
._._._._._.⌠.####
##############


You could see a spriggan and a scorpion.

Vanquished Creatures
  A scorpion (D)
  3 oklob saplings (D)
  A spriggan (D)
  A river rat (D)
  A rat (D)
7 creatures vanquished.

Notes
Turn   | Place    | Note
-------+----------+-------------------------------------------
     0 | D        | rocky1 the Spriggan Brigand began the quest for the Orb.
     0 | D        | Reached XP level 1. HP: 10/10 MP: 2/2
    22 | D        | Reached skill level 7 in Stealth
    22 | D        | Reached XP level 2. HP: 6/15 MP: 3/3
    64 | D        | Noticed an oklob sapling
    66 | D        | Killed an oklob sapling
    67 | D        | Reached skill level 9 in Stealth
    67 | D        | Reached XP level 3. HP: 18/18 MP: 4/4
    69 | D        | Noticed a scorpion
    69 | D        | Found the amulet of invisibility {+Inv}
    72 | D        | Killed a scorpion
    73 | D        | Reached skill level 12 in Stealth
    73 | D        | Reached XP level 4. HP: 23/23 MP: 5/5
    97 | D        | Found an opulent altar of Gozag.
    97 | D        | Found a hazy altar of Hepliaklqana.
    97 | D        | Found a burning altar of Makhleb.
    97 | D        | Found a sparkling altar of Nemelex Xobeh.
    97 | D        | Found a snail-covered altar of Cheibriados.
    97 | D        | Found a sacrificial altar of Ru.
    97 | D        | Found a shimmering blue altar of Sif Muna.
    97 | D        | Found a shimmering altar of Xom.
    97 | D        | Found a basalt altar of Yredelemnul.
    98 | D        | Found a viscous altar of Jiyva.
    98 | D        | Found a bloodstained altar of Trog.
    98 | D        | Found an ornate altar of the Wu Jian Council.
    99 | D        | Found an iron altar of Okawaru.
    99 | D        | Found a shadowy altar of Dithmenos.
    99 | D        | Found a glowing silver altar of Zin.
   100 | D        | Found an ancient bone altar of Kikubaaqudgha.
   100 | D        | Found a hide-covered altar of Uskayaw.
   101 | D        | Found a stormy altar of Qazlal.
   101 | D        | Found a white marble altar of Elyvilon.
   101 | D        | Found a glowing golden altar of the Shining One.
   102 | D        | Found a corrupted altar of Lugonu.
   102 | D        | Found a radiant altar of Vehumet.
   108 | D        | Reached skill level 13 in Stealth
   108 | D        | Reached skill level 1 in Evocations
   108 | D        | Reached XP level 5. HP: 14/28 MP: 6/6
   181 | D        | Became a worshipper of Cheibriados the Contemplative
   196 | D        | Reached skill level 5 in Short Blades
   196 | D        | Reached skill level 14 in Stealth
   212 | D        | HP: 1/28 [spriggan/+0 rapier (18)]
   215 | D        | Mangled by a spriggan

Illustrated notes

Levels and vault maps discovered:
D:        dungeon_sprint_fedhas [sprint_temple]

Skill      XL: |  1  2  3  4  5 |
---------------+----------------+-----
Stealth        | 7 9 12 13 14 | 14.9
Fighting       | 2 3 |  3.3
Short Blades   | 3 4 5 |  5.2
Throwing       | 3 |  3.6
Dodging        | 2 |  2.8
Evocations     | 1 |  1.6

Action                   |  1- 3 |  4- 6 || total
-------------------------+-------+-------++-------
Melee: Dagger            |    16 |     6 ||    22
 Abil: Evoke Invisibilit |       |     1 ||     1
  Use: Potion            |       |     2 ||     2
 Stab: Sleeping          |     2 |     2 ||     4
       Invisible         |       |     1 ||     1
Armor: Robe              |     1 |     1 ||     2
Dodge: Dodged            |     7 |     4 ||    11

Table legend: (Time is in decaauts)
 A = Elapsed time spent in this place.
 B = Non-inter-level travel time spent in this place.
 C = Inter-level travel time spent in this place.
 D = Time resting spent in this place.
 E = Time spent auto-exploring this place.
 F = Levels seen in this place.
 G = Mean time per level.
                   A        B        C        D        E       F      G
               +--------+--------+--------+--------+--------+-----+--------+
         Total |    185 |    185 |      0 |     87 |      0 |   1 |  185.0 |
       Dungeon |    185 |    185 |      0 |     87 |      0 |   1 |  185.0 |
               +--------+--------+--------+--------+--------+-----+--------+

Top non-repeatable levels by time:
       D: 185 daAuts
